 Dungeon Crawl Stone Soup version 0.32-a0-834-geaf45d8e21 (webtiles) character file.

Game seed: 14896481217109771825

72 ezpacito the Trooper (level 4, 0/35 HPs)
             Began as a Coglin Chaos Knight on Mar 26, 2024.
             Was a Plaything of Xom.
             Slain by Pikel
             ... wielding a +0 whip of electrocution
              (5 damage)
             ... on level 4 of the Dungeon.
             The game lasted 00:01:49 (2320 turns).

ezpacito the Trooper (Coglin Chaos Knight)          Turns: 2320, Time: 00:01:49

Health: 0/35       AC:  8    Str: 15    XL:     4   Next: 25%
Magic:  5/5        EV:  6    Int: 11    God:    Xom [....*.]
Gold:   181        SH:  0    Dex: 13    Spells: 4/4 levels left

rFire   . . .        r - +0 war axe {Ning}
rCold   . . .        a - +0 hand axe (chaos) {Francisco}
rNeg    . . .        s - +0 chain mail
rPois   .            (no helmet)
rElec   .            (no cloak)
rCorr   .            (no gloves)
SInv    .            (no boots)
Will    .....        (amulet unavailable) Stlth
                     (ring unavailable)
HPRegen 0.25/turn    (ring unavailable)
MPRegen 0.09/turn    (no gizmo)

%: no passive effects
@: no status effects
A: off-hand wielding, slow wielding, warmup strikes, no jewellery
a: Invent Gizmo, Renounce Religion


You were on level 4 of the Dungeon.
You worshipped Xom.
You were a beloved toy of Xom.
You visited 1 branch of the dungeon, and saw 4 of its levels.

You collected 181 gold pieces.

Inventory:

Hand Weapons
 a - a +0 hand axe of chaos (offhand) {Francisco}
 r - a +0 war axe (weapon) {Ning}
Armour
 s - a +0 chain mail (worn)
Scrolls
 b - a scroll of teleportation {unknown}
 f - 2 scrolls of identify {unknown}
 g - 3 scrolls of silence
 h - 2 scrolls of revelation {unknown}
 j - a scroll of fog {unknown}
 n - a scroll of immolation {unknown}
 o - a scroll of fear {unknown}
 p - a scroll of vulnerability {unknown}
 q - a scroll of enchant armour {unknown}
Potions
 d - a potion of cancellation {unknown}
 e - a potion of heal wounds {unknown}
 i - 3 potions of haste {unknown}
 k - a potion of resistance {unknown}
 l - a potion of magic {unknown}
 m - a potion of ambrosia {unknown}


   Skills:
 * Level 3.5 Fighting
 * Level 3.4(3.5) Axes
 + Level 0.7(2.1) Polearms
 * Level 2.1 Armour
 * Level 1.4 Dodging
 + Level 0.7 Stealth
 + Level 0.7 Spellcasting


You had 4 spell levels left.
You didn't know any spells.
Your spell library was empty.

Dungeon Overview and Level Annotations

Branches:
Dungeon (4/15)
 Temple: D:4-7

Altars:
Okawaru
Xom

Annotations:
D:3 2 runed translucent doors, discipleofbeogh's ghost, amateur DsFi
D:4 Pikel


Innate Abilities, Weirdness & Mutations

You can wield a second weapon in your off-hand.
It takes a long time for you to wield or remove held weapons.
Your first few attacks do less damage.
You cannot equip rings or amulets.


Message History

The lemure attacks as it pursues you! The lemure hits you.
You take 1 damage, and have 33/35 hp.
Your butterfly is engulfed in excruciating misery.
You swap places.
Your butterfly is engulfed in excruciating misery.
Pikel hits your butterfly with a +0 whip of electrocution!
Your butterfly dies!
Your butterfly disappears in a burst of colours!
Your butterfly is engulfed in excruciating misery.
You kill your butterfly!
Your butterfly disappears in a burst of colours!
Pikel misses your butterfly. The lemure hits you.
You take 6 damage, and have 28/35 hp.
The lemure hits your butterfly.
Your butterfly dies!
Your butterfly disappears in a burst of colours!
Found a stone staircase leading up.
The lemure hits you but does no damage.
Your butterfly is engulfed in excruciating misery.
Your butterfly is engulfed in excruciating misery.
You kill your butterfly!
Your butterfly disappears in a burst of colours!
The lemure barely misses you. Pikel waves his whip at you. The lemure hits you.
Pikel hits you with a +0 whip of electrocution.
The lemure attacks as it pursues you! The lemure barely misses you.
You take 4 damage, and have 25/35 hp.
The lemure attacks as it pursues you! The lemure hits you but does no damage.
Pikel attacks as he pursues you!
Pikel hits you with a +0 whip of electrocution!
You are electrocuted!
* * * LOW HITPOINT WARNING * * *
You take 20 damage, and have 5/35 hp.
MASSIVE DAMAGE!!
Okay, then.
Okay, then.
Pikel attacks as he pursues you!
Pikel hits you with a +0 whip of electrocution.
You die...
Pikel says, "See you in Hell!"
Xom chortles!

#..<...#.#.#
#......#.#.#
#......#†#.# ..
#......#.#.# #..
#......#.#.#
.#.########......#.#.#
..........○...# #.#.#
...........5..####.#.#
........○..55@....>#.#
............K.####.#.#
.......°......# #b#.#
..............# #b#.#
............5.# #b#.#
..........°...# #b#.#
..............# #.#.#
..............####.#.#
.................b...#


You could see Pikel and 4 lemures.

Vanquished Creatures
  2 adders
  A dart slug (D:2)
  A ribbon worm (D:3)
  An orc (D:3)
  2 ball pythons
  4 bats
  2 endoplasms
  3 giant cockroaches
  5 goblins
  5 hobgoblins
  2 jackals (D:2)
  7 kobolds
  3 quokkas
  4 frilled lizards
  2 rats (D:2)
44 creatures vanquished.

Notes
Turn   | Place    | Note
-------+----------+-------------------------------------------
     0 | D:1      | ezpacito the Coglin Chaos Knight began the quest for the
                  | Orb.
     0 | D:1      | Reached XP level 1. HP: 18/18 MP: 1/1
    13 | D:1      | Reached skill level 1 in Dodging
   174 | D:1      | Reached XP level 2. HP: 24/24 MP: 2/2
   676 | D:2      | Found an iron altar of Okawaru.
   685 | D:2      | XOM is BORED!
   685 | D:2      | XOM: silly message
   741 | D:2      | Reached XP level 3. HP: 29/29 MP: 3/3
  1432 | D:3      | Found a runed translucent door.
  1433 | D:3      | Noticed discipleofbeogh's ghost (amateur DsFi)
  1515 | D:3      | XOM: 1-stop teleportation journey
  1526 | D:3      | XOM: scenery: create altars
  1695 | D:3      | Found a runed translucent door.
  1919 | D:3      | Reached XP level 4. HP: 35/35 MP: 3/5
  2282 | D:4      | Noticed a lemure
  2283 | D:4      | Noticed a lemure
  2283 | D:4      | Noticed Pikel
  2284 | D:4      | Noticed a lemure
  2284 | D:4      | Noticed a lemure
  2302 | D:4      | XOM: cloud trail
  2320 | D:4      | Slain by Pikel

Illustrated notes

Levels and vault maps discovered:
D:1:      minmay_arrival_four_circles, layout_loops_ring
D:2:      wad_pebble_path, layout_loops_ring, basic_altar, skrybe_limestone_x
D:3:      layout_basic, ebering_ghost_sewer_f, amcnicky_mini_corridor_feature,
          kennysheep_generic_room_2
D:4:      layout_basic, nicolae_sif_muna_condensation, uniq_ijyb, uniq_pikel

Skill      XL: |  1  2 |
---------------+-------+-----
Dodging        | 1 |  1.4
Armour         | 2 |  2.1
Fighting       | |  3.5
Axes           | |  3.4
Polearms       | |  0.7
Stealth        | |  0.7
Spellcasting   | |  0.7

Action                     |  1- 3 |  4- 6 || total
---------------------------+-------+-------++-------
  Melee: Hand axe          |    75 |     5 ||    80
         Dagger            |    68 |       ||    68
         War axe           |    12 |     6 ||    18
    Use: Scroll            |       |     2 ||     2
   Stab: Sleeping          |     2 |       ||     2
         Paralysed         |     1 |       ||     1
         Confused          |       |     1 ||     1
 Armour: Leather armour    |    34 |       ||    34
         Chain mail        |     7 |    15 ||    22
  Dodge: Dodged            |    48 |     4 ||    52

Table legend: (Time is in decaauts)
 A = Elapsed time spent in this place.
 B = Non-inter-level travel time spent in this place.
 C = Inter-level travel time spent in this place.
 D = Time resting spent in this place.
 E = Time spent auto-exploring this place.
 F = Levels seen in this place.
 G = Mean time per level.
                   A        B        C        D        E       F      G
               +--------+--------+--------+--------+--------+-----+--------+
         Total |   2329 |   2287 |     42 |      0 |   1964 |   4 |  582.2 |
       Dungeon |   2329 |   2287 |     42 |      0 |   1964 |   4 |  582.2 |
               +--------+--------+--------+--------+--------+-----+--------+

Top non-repeatable levels by time:
     D:3: 895 daAuts
     D:2: 685 daAuts
     D:1: 595 daAuts
     D:4: 153 daAuts
